Map: Pillars of Gold LE

Players

ByuN - Winner!

  • Race: Terran Terran
  • League: Master
  • Spawn Location: 7:00

Solar

  • Race: Zerg Zerg
  • League: Master
  • Spawn Location: 1:00

Event: Cheeseadelphia Winter Championship 2021

VOD

Have the link to the VOD?

Description

Time

  • Played on: Jan. 24, 2021, 6:08 p.m.
  • Length: 12:09

All games in this series

Show
View Real Time Build Order
Export as new Build Order

ByuN Terran - Winner!

Build Orders: Liberator Opening 

Get SALT Encoding   

  12  0:00  SCV  
  13  0:12  SCV  
  14  0:17  Supply Depot  
  14  0:24  SCV  
  15  0:39  SCV  
  15  0:40  Barracks  
  16  0:45  Refinery  
  16  0:51  SCV  
  17  1:03  SCV  
  18  1:15  SCV  
  19  1:27  Orbital Command, Marine  
  20  1:41  Command Center  
  20  1:53  Factory  
  20  1:58  SCV  
  21  2:04  Barracks Reactor  
  21  2:05  Refinery  
  21  2:10  SCV  
  22  2:17  Supply Depot  
  22  2:22  SCV  
  23  2:39  Starport, Hellion  
  23  2:40  SCV  
  23  2:44  Marine x2  
  28  2:52  SCV  
  28  2:56  Orbital Command  
  29  3:01  Hellion  
  29  3:05  SCV  
  32  3:07  Marine  
  32  3:09  Marine  
  34  3:15  Medivac  
  37  3:23  SCV x2  
  37  3:26  Hellion  
  40  3:28  Marine  
  40  3:29  Marine  
  42  3:35  Supply Depot  
  42  3:38  SCV x2  
  44  3:41  Supply Depot  
  44  3:50  Factory Tech Lab, SCV  
  44  3:51  SCV  
  46  3:56  Liberator  
  46  3:57  Marine x2  
  51  4:03  SCV x2  
  51  4:07  Supply Depot  
  53  4:15  SCV x2  
  55  4:27  SCV x2  
  55  4:30  Command Center  
  55  4:31  Factory Reactor  
  57  4:40  SCV x2  
  59  4:46  Starport Reactor, Stimpack, Marine  
  59  4:52  SCV x2  
  62  4:53  Barracks  
  62  4:54  Supply Depot  
  62  4:55  Barracks  
  62  5:05  SCV x2  
  62  5:06  Engineering Bay  
  64  5:07  Engineering Bay, Refinery  
  64  5:11  Marine  
  64  5:17  SCV x2  
  66  5:24  Refinery  
  66  5:29  SCV x2, Marine  
  66  5:31  Factory Tech Lab  
  66  5:37  Terran Infantry Armor Level 1, Terran Infantry Weapons Level 1  
  66  5:41  SCV x2, Marine x2  
  70  5:44  Orbital Command  
  70  5:47  Marine  
  70  5:48  Medivac x2, Marine x2  
  77  5:52  Siege Tank  
  80  6:01  Marine x2  
  82  6:04  Marine  
  82  6:06  Marine x2  
  82  6:07  Orbital Command  
  85  6:16  SCV  
  85  6:18  Supply Depot, SCV  
  87  6:20  Supply Depot, Barracks  
  87  6:21  Barracks  
  87  6:24  Siege Tank  
  90  6:25  Marine  
  90  6:26  Marine x2  
  93  6:36  Combat Shield, SCV x3, Marine x2  
  98  6:43  Marine  
  98  6:45  Marine x2  
  98  6:46  Supply Depot  
  101  6:48  SCV x3  
  101  6:51  Supply Depot  
  101  6:53  Marine x2  
  106  6:55  Armory  
  106  7:00  SCV x3  
  109  7:01  Marine  
  109  7:03  Marine x2  
  112  7:11  Marine  
  112  7:12  SCV x3  
  112  7:14  Barracks Reactor x2  
  116  7:16  Missile Turret  
  105  7:24  SCV x3  
  105  7:29  Marine x5  
  104  7:30  Siege Tank  
  104  7:32  Missile Turret  
  104  7:34  Medivac  
  104  7:35  Medivac  
  104  7:36  SCV x2  
  113  7:42  Terran Infantry Armor Level 2  
  113  7:43  Terran Infantry Weapons Level 2  
  113  7:46  Terran Vehicle And Ship Armor Level 1  
  113  7:48  Factory  
  113  7:51  Refinery  
  113  7:52  Supply Depot x2  
  113  7:54  Marine x3  
  116  7:58  Marine  
  116  7:59  Marine x2  
  116  8:00  Marine x2  
  118  8:08  Medivac x2  
  118  8:11  Marine  
  118  8:12  Marine x3  
  121  8:16  Marine  
  121  8:17  Marine  
  121  8:19  Siege Tank  
  119  8:28  Supply Depot  
  119  8:33  Factory Reactor, Command Center  
  117  8:37  Marine x2  
  117  8:38  Marine x6  
  117  8:40  Marauder  
  127  8:43  Drilling Claws  
  127  8:51  Siege Tank  
  127  8:54  Medivac x2  
  134  8:59  Marine x8  
  142  9:07  Factory Tech Lab  
  141  9:10  Refinery  
  141  9:14  Marine  
  140  9:17  Marine x6  
  140  9:23  Siege Tank  
  149  9:25  Marine x2  
  149  9:26  Siege Tank  
  149  9:28  Sensor Tower  
  154  9:31  SCV x3  
  154  9:35  Supply Depot  
  154  9:36  Supply Depot  
  154  9:38  Marauder, Marine x6  
  165  9:52  Marine x2  
  165  9:55  Siege Tank, Marine x6  
  165  9:58  Siege Tank  
  168  10:10  Marine  
  168  10:11  Marine x2  
  168  10:13  Marine x5  
  175  10:24  Marine  
  175  10:28  Siege Tank  
  176  10:29  Marauder  
  176  10:32  Siege Tank  
  176  10:34  Medivac  
  182  10:41  Marine x2  
  182  10:42  Marine x2  
  186  10:46  Barracks  
  186  10:47  Barracks  
  186  10:49  Barracks  
  186  10:53  Marine x2  
  186  10:56  Marine x3  
  178  11:00  Siege Tank  
  178  11:03  Marine x4  
  175  11:04  Siege Tank  
  175  11:10  SCV x2  
  175  11:11  Marine  
  177  11:13  Planetary Fortress  
  177  11:14  SCV  
  171  11:22  SCV x2  
  169  11:26  Marine  
  169  11:27  Marine  
  169  11:29  Marine  
  169  11:30  Marine x5  
  169  11:32  Siege Tank  
  178  11:36  Siege Tank  
  178  11:37  Medivac x2  
  178  11:39  SCV x2  
Show
View Real Time Build Order
Export as new Build Order

Solar Zerg 

Build Orders: Hatch First, Lurkers 

Get SALT Encoding   

  12  0:00  Drone  
  13  0:12  Overlord  
  13  0:17  Drone  
  14  0:30  Drone x2  
  16  0:49  Hatchery  
  15  0:52  Drone  
  15  0:56  Drone  
  17  0:59  Drone  
  18  1:10  Extractor  
  17  1:15  Spawning Pool  
  16  1:19  Drone  
  16  1:22  Drone  
  18  1:29  Drone  
  19  1:41  Drone  
  20  1:52  Drone  
  21  2:02  Zergling x4, Queen x2  
  27  2:12  Overlord  
  27  2:13  Drone  
  28  2:25  Hatchery  
  28  2:27  Drone  
  28  2:31  Drone  
  29  2:39  Queen  
  29  2:43  Metabolic Boost  
  31  2:46  Drone  
  32  2:51  Overlord  
  32  2:55  Drone  
  32  2:57  Drone  
  34  3:01  Drone  
  34  3:03  Drone  
  36  3:10  Drone x4  
  39  3:14  Drone  
  39  3:19  Queen  
  40  3:24  Overlord  
  40  3:26  Drone  
  43  3:36  Queen  
  43  3:39  Drone x2  
  49  3:41  Drone x2  
  49  3:43  Drone  
  49  3:44  Zergling x4  
  49  3:47  Drone  
  53  3:49  Overlord  
  53  3:51  Zergling x4  
  53  3:54  Zergling x2  
  56  3:56  Drone  
  56  3:59  Spore Crawler  
  56  4:06  Overlord  
  56  4:07  Zergling x2, Queen  
  56  4:09  Drone  
  60  4:10  Drone  
  60  4:14  Drone  
  60  4:16  Overlord  
  63  4:17  Zergling x2  
  63  4:23  Baneling Nest  
  61  4:24  Drone x3  
  61  4:26  Zergling x2  
  61  4:29  Zergling x4  
  66  4:34  Spore Crawler, Drone  
  66  4:37  Extractor  
  66  4:38  Drone  
  66  4:41  Evolution Chamber  
  66  4:42  Evolution Chamber  
  66  4:43  Zergling x2  
  66  4:44  Zergling x4  
  65  4:51  Drone x3  
  68  4:54  Overlord  
  68  4:56  Drone x3  
  68  4:57  Drone  
  68  4:58  Drone  
  73  5:00  Overlord  
  73  5:03  Overlord  
  73  5:07  Drone  
  74  5:09  Overlord  
  74  5:18  Zerg Ground Armor Level 1, Zerg Melee Weapons Level 1  
  73  5:24  Drone x6  
  74  5:30  Queen  
  74  5:32  Drone  
  74  5:34  Drone  
  74  5:39  Lair  
  74  5:43  Drone x3  
  74  5:49  Drone x4  
  81  5:51  Extractor  
  81  5:52  Drone x2  
  81  5:55  Extractor  
  81  5:56  Baneling Nest  
  80  5:59  Drone x3  
  80  6:00  Drone  
  83  6:11  Drone x2  
  83  6:13  Drone  
  83  6:15  Hatchery  
  83  6:16  Zergling x2  
  83  6:17  Zergling x6  
  83  6:18  Drone x2  
  89  6:22  Drone  
  89  6:24  Zergling x4  
  93  6:26  Overlord  
  93  6:28  Zergling x4  
  93  6:32  Zergling x2  
  96  6:34  Overlord  
  96  6:35  Zergling x2  
  96  6:38  Zergling x12  
  103  6:41  Centrifical Hooks  
  103  6:43  Baneling x4  
  103  6:45  Baneling x2  
  103  6:46  Zergling x2  
  104  6:48  Zergling x4  
  104  6:49  Baneling x2  
  106  6:56  Zergling x10  
  111  7:02  Zergling x2  
  111  7:04  Baneling x2  
  111  7:06  Zergling x4  
  111  7:07  Zergling x2  
  114  7:11  Zergling x4  
  115  7:19  Zergling x8  
  115  7:22  Zergling x6  
  117  7:23  Zerg Melee Weapons Level 2, Zerg Ground Armor Level 2  
  117  7:27  Drone  
  114  7:30  Drone x2  
  114  7:31  Extractor, Drone x2, Infestation Pit  
  114  7:32  Drone  
  114  7:34  Drone  
  114  7:35  Hydralisk Den, Queen  
  119  7:38  Drone  
  119  7:39  Drone x3  
  119  7:41  Baneling x5  
  119  7:43  Drone x3  
  126  7:48  Overlord  
  126  7:50  Extractor  
  125  7:52  Overlord  
  125  7:57  Drone x2  
  127  7:59  Zergling x2  
  127  8:02  Overlord  
  127  8:05  Zergling x14  
  127  8:08  Zergling x12  
  127  8:12  Hive  
  133  8:14  Zergling x4  
  127  8:21  Zergling x6  
  127  8:24  Zergling x2  
  125  8:29  Lurker Den  
  125  8:30  Drone x2  
  126  8:35  Drone x2  
  126  8:36  Drone  
  126  8:37  Hydralisk x4  
  126  8:38  Extractor  
  126  8:39  Grooved Spines  
  136  8:44  Overlord  
  136  8:46  Drone  
  137  8:49  Drone  
  137  8:50  Hydralisk  
  137  8:51  Hatchery  
  139  8:56  Zergling x8  
  142  9:03  Zergling x16  
  148  9:11  Zergling x4  
  148  9:13  Overseer, Baneling x6  
  148  9:15  Hydralisk x3  
  155  9:21  Zergling x6  
  157  9:27  Overlord x3  
  157  9:29  Overlord  
  157  9:30  Overlord  
  157  9:32  Overlord  
  157  9:33  Extractor  
  157  9:35  Viper  
  159  9:38  Seismic Spines  
  159  9:41  Overlord  
  159  9:45  Viper  
  159  9:47  Hydralisk x4  
  159  9:49  Zergling x2  
  159  9:50  Zergling x6  
  159  9:51  Hatchery, Muscular Augments  
  173  9:53  Zergling x4  
  168  10:02  Drone x3  
  168  10:04  Zergling x8  
  164  10:07  Extractor  
  164  10:09  Drone x2  
  164  10:11  Zergling x10  
  164  10:12  Lurker x4  
  174  10:18  Zergling x4  
  175  10:25  Zergling x4  
  175  10:26  Zergling x8  
  169  10:30  Extractor  
  169  10:32  Zergling x8  
  169  10:34  Hydralisk x2  
  175  10:35  Adaptive Talons  
  175  10:38  Baneling x3  
  175  10:39  Baneling x3  
  175  10:40  Zergling x12  
  175  10:44  Zergling x6  
  178  10:53  Hydralisk x4  
  178  10:56  Zergling x8  
  172  11:02  Zergling x4  
  161  11:06  Hydralisk  
  161  11:08  Hydralisk x6  
  161  11:10  Zergling x4  
  162  11:18  Zergling x6  
  160  11:23  Zergling x2  
  152  11:28  Zergling x2  
  152  11:31  Zergling x6, Baneling x2  
  154  11:33  Hydralisk x3  
  154  11:34  Zergling x2  
  154  11:35  Zergling x2  
  154  11:36  Zergling x2  
  154  11:38  Zergling x4  
  144  11:40  Zergling x2  
  144  11:41  Zergling x6  
  144  11:46  Lurker  
  147  11:47  Lurker x2  
  147  11:49  Zergling x2  
Tags
 
Add a new tag
Caveats
  • Supply blocks, unpowered buildings, or Contaminate may cause inaccurate times.
  • Supply counts are checked every 10 seconds.